 Dungeon Crawl Stone Soup version 0.27-a0-1321-gd358eaa319 (webtiles) character file.

Game seed: 11757232387420259077

95 Delamore the Skirmisher (level 4, -2/37 HPs)
             Began as a Formicid Fighter on June 22, 2021.
             Slain by an orc wizard (3 damage)
             ... on level 3 of the Dungeon.
             The game lasted 00:01:33 (1668 turns).

Delamore the Skirmisher (Formicid Fighter)          Turns: 1668, Time: 00:01:33

Health: -2/37      AC:  6    Str: 21    XL:     4   Next: 97%
Magic:  4/4        EV:  8    Int:  8    God:
Gold:   74         SH:  0    Dex: 10    Spells: 3/3 levels left

rFire    . . .     SeeInvis +   a - +0 trident
rCold    . . .     Faith    .   c - +0 kite shield
rNeg     . . .     Spirit   .   b - +0 scale mail
rPois    .         Reflect  .   (helmet unavailable)
rElec    .         Harm     .   (no cloak)
rCorr    .         Rampage  .   (no gloves)
Will     .....                  (no boots)
Stlth    ..........             (no amulet)
HPRegen  0.12/turn              (no ring)
MPRegen  0.09/turn              (no ring)

@: confused, flying
A: permanent stasis, dig shafts and tunnels, antennae 3, four strong arms
a: Dig, Shaft Self


You were on level 3 of the Dungeon.
You visited 1 branch of the dungeon, and saw 3 of its levels.

You collected 74 gold pieces.

Inventory:

Hand Weapons
 a - a +0 trident (weapon)
Missiles
 f - 18 poisoned darts (quivered)
Armour
 b - a +0 scale mail (worn)
 c - a +0 kite shield (worn)
Scrolls
 k - a scroll of identify
 l - 2 scrolls of teleportation
Potions
 d - 2 potions of might
 e - 2 potions of haste
 g - a potion of lignification {unknown}
 h - a potion of flight
 i - a potion of resistance {unknown}
 j - a potion of curing {unknown}


   Skills:
 + Level 4.2 Fighting
 * Level 4.0 Polearms
 - Level 3.2 Armour
 - Level 3.6 Shields


You had 3 spell levels left.
You didn't know any spells.
Your spell library was empty.

Dungeon Overview and Level Annotations

Branches:
Dungeon (3/15)

Altars:


Innate Abilities, Weirdness & Mutations

You cannot be hasted, slowed, berserked, paralysed or teleported.
You can dig through walls and to a lower floor.
You have a pair of large antennae on your head. (SInv)
Your four strong arms can wield two-handed weapons with a shield.


Message History

The orc completely misses you. You block the orc's attack.
The orc wizard hits you but does no damage.
You puncture the orc wizard!
The orc wizard is severely wounded.
The orc wizard hits you with a +0 dagger.
You block the orc's attack. x2
The orc wizard casts a spell at you.
You are confused.
The orc wizard hits you with a +0 dagger.
You are too confused!
You are too confused!
You are too confused!
You are too confused!
You are too confused!
You are too confused!
You are too confused!
You are too confused!
You are too confused!
You are too confused!
You are too confused!
You are too confused!
You are too confused!
You are too confused!
You are too confused!
You hit the orc wizard but do no damage.
The orc hits you with a +0 short sword. x2
The orc wizard gestures at you while chanting.
The puff of flame hits you. The orc wizard closely misses you.
The orc hits you with a +0 short sword. The orc barely misses you.
The orc wizard casts a spell at you. The puff of flame hits you!
* * * LOW HITPOINT WARNING * * *
The orc hits you with a +0 short sword.
* * * LOW HITPOINT WARNING * * *
The orc wizard hits you but does no damage.
It was a potion of flight.
You feel very buoyant.
You fly up into the air.
The orc wizard hits you with a +0 dagger.
You die...

#................
#########.#####..........
..?.....#.# #..........
........#.####.........†.
.............#...........
..........:..#...........
......)oo....#...........
.......oo....#...........
........@>...+...........
.............# ...###....
#####........# ##########


You could see 2 orc wizards and 2 orcs.

Vanquished Creatures
  5 adders (D:2)
  An orc (D:3)
  4 endoplasms (D:1)
  3 giant cockroaches
  3 hobgoblins
  3 jackals (D:1)
  2 kobolds (D:1)
  2 quokkas (D:1)
  8 ball pythons
  A bat (D:1)
  4 frilled lizards (D:1)
  7 goblins
  2 rats
45 creatures vanquished.

Notes
Turn   | Place    | Note
-------+----------+-------------------------------------------
     0 | D:1      | Delamore the Formicid Fighter began the quest for the Orb.
     0 | D:1      | Reached XP level 1. HP: 18/18 MP: 1/1
    96 | D:1      | Reached XP level 2. HP: 20/24 MP: 2/2
   408 | D:1      | Reached XP level 3. HP: 22/29 MP: 3/3
   711 | D:1      | Found Himoomp's General Store.
   997 | D:2      | Reached XP level 4. HP: 35/37 MP: 4/4
  1159 | D:2      | Found a faded altar of an unknown god.
  1665 | D:3      | HP: 1/37 [orc (2)]
  1668 | D:3      | Slain by an orc wizard

Illustrated notes

Levels and vault maps discovered:
D:1:      minmay_arrival_plants_in_alcoves, layout_basic, serial_shops,
          nicolae_shop_stone
D:2:      layout_basic, shapermc_ecumenical_altar_starsandcircs,
          patterned_corridor
D:3:      layout_basic, minmay_starry_boxes, uniq_robin, uniq_jessica,
          uniq_terence

Skill      XL: |  1  2  3  4 |
---------------+-------------+-----
Polearms       | 3 4 |  4.0
Fighting       | 4 |  4.2
Armour         | |  3.2
Shields        | |  3.6

Action                   |  1- 3 |  4- 6 || total
-------------------------+-------+-------++-------
Melee: Trident           |    81 |    60 ||   141
  Use: Scroll            |     1 |     2 ||     3
       Potion            |       |     1 ||     1
Armor: Scale mail        |    39 |    26 ||    65
Dodge: Dodged            |    22 |    18 ||    40
Block: Kite shield       |    36 |    29 ||    65

Table legend: (Time is in decaauts)
 A = Elapsed time spent in this place.
 B = Non-inter-level travel time spent in this place.
 C = Inter-level travel time spent in this place.
 D = Time resting spent in this place.
 E = Time spent auto-exploring this place.
 F = Levels seen in this place.
 G = Mean time per level.
                   A        B        C        D        E       F      G
               +--------+--------+--------+--------+--------+-----+--------+
         Total |   1712 |   1687 |     25 |    191 |   1197 |   3 |  570.7 |
       Dungeon |   1712 |   1687 |     25 |    191 |   1197 |   3 |  570.7 |
               +--------+--------+--------+--------+--------+-----+--------+

Top non-repeatable levels by time:
     D:1: 1013 daAuts
     D:2: 632 daAuts
     D:3: 66 daAuts
